 Dungeon Crawl Stone Soup version 0.26-a0-1079-g3a4175ecf3 (webtiles) character file.

Game seed: 301299357624748629

86 Ishchenko the Shield-Bearer (level 4, 41/41 HPs)
             Began as a Gnoll Fighter on Dec 14, 2020.
             Quit the game on level 2 of the Dungeon on Jan 23, 2021.
             The game lasted 00:03:53 (1656 turns).

Ishchenko the Shield-Bearer (Gnoll Fighter)         Turns: 1656, Time: 00:03:54

Health: 41/41      AC: 15    Str: 19    XL:     4   Next: 50%
Magic:  5/5        EV:  5    Int: 10    God:
Gold:   165        SH: 10    Dex: 15    Spells: 5/5 levels left

rFire    . . .     SeeInvis .   a - +0 war axe
rCold    . . .     Faith    .   c - +0 kite shield
rNeg     . . .     Spirit   .   f - +0 plate armour
rPois    .         Reflect  .   (no helmet)
rElec    .         Harm     .   i - scarf {repulsion}
rCorr    .         Rampage  .   j - +1 pair of gloves
Will     .....                  (no boots)
Stlth    ..........             (no amulet)
HPRegen  0.13/turn              (no ring)
MPRegen  0.09/turn              (no ring)

@: repel missiles, very slow
A: distributed training, fangs 1, strong nose
a: no special abilities


You were on level 2 of the Dungeon.
You visited 1 branch of the dungeon, and saw 2 of its levels.

You collected 165 gold pieces.

Inventory:

Hand Weapons
 a - a +0 war axe (weapon)
Armour
 b - a +0 scale mail
 c - a +0 kite shield (worn)
 f - a +0 plate armour (worn)
 i - a scarf of repulsion (worn)
 j - a +1 pair of gloves (worn)
Scrolls
 g - a scroll of enchant weapon {unknown}
 m - 3 scrolls of enchant armour {unknown}
 n - a scroll of identify {unknown}
Potions
 d - a potion of might
 e - 5 potions of heal wounds {unknown}
 h - 2 potions of flight {unknown}
 k - a potion of brilliance {unknown}
 l - 3 potions of curing {unknown}


   Skills:
 + Level 6.6 Fighting
 + Level 1.1 Short Blades
 + Level 1.1 Long Blades
 + Level 4.6 Axes
 + Level 1.1 Maces & Flails
 + Level 1.1 Polearms
 + Level 1.1 Staves
 + Level 1.1 Slings
 + Level 1.1 Bows
 + Level 1.1 Crossbows
 + Level 1.1 Throwing
 + Level 6.6 Armour
 + Level 1.1 Dodging
 + Level 1.1 Stealth
 + Level 6.6 Shields
 + Level 1.1 Unarmed Combat
 + Level 1.1 Spellcasting
 + Level 0.9 Conjurations
 + Level 0.9 Hexes
 + Level 0.9 Summonings
 + Level 0.9 Necromancy
 + Level 0.9 Translocations
 + Level 0.9 Transmutations
 + Level 0.9 Fire Magic
 + Level 0.9 Ice Magic
 + Level 0.9 Air Magic
 + Level 0.9 Earth Magic
 + Level 0.9 Poison Magic
 + Level 1.2 Invocations
 + Level 1.1 Evocations


You had 5 spell levels left.
You didn't know any spells.
Your spell library was empty.

Dungeon Overview and Level Annotations

Branches:
Dungeon (2/15)

Altars:
Yredelemnul


Innate Abilities, Weirdness & Mutations

Your experience applies equally to all skills.
You have very sharp teeth.
Your uncanny sense of smell can sniff out nearby items.


Message History

Moving in this stuff is going to be slow.
You enter the shallow water.
Moving in this stuff is going to be slow.
You enter the shallow water.
Moving in this stuff is going to be slow.
You enter the shallow water.
Moving in this stuff is going to be slow.
You enter the shallow water.
Moving in this stuff is going to be slow.
Done exploring.
No target in view!
No target in view!
Done exploring.
No target in view!
Welcome back, Ishchenko the Gnoll Fighter.
Press ? for a list of commands and other information.
You repel missiles.
Your wading speed is very slow.
Your attack speed is quite slow (and is slowed by your insufficient shield skill).
You don't know any spells.
Are you sure you want to abandon this character and quit the game? (Confirm with "yes".)

....#.#≈.≈P♣≈≈≈P.P..#
####≈≈≈≈≈≈♣≈≈≈P.P..##
###≈≈≈≈≈≈♣PPPP#...##
...PP≈♣♣≈♣P...#.###
##.P≈≈≈♣♣PP≈≈....#
#..P≈≈♣≈♣PP.###.##
#...P≈♣≈≈≈PPP##..#
#..≈PPP≈≈♣♣≈≈.≈.P##
####PP(P≈≈♣≈≈≈≈@PP#
####P≈PPP≈P♣≈≈≈#
###.PP≈.P.P≈#
###########


There were no monsters in sight!

Vanquished Creatures
  An adder (D:2)
  2 dart slugs (D:1)
  A ball python (D:1)
  5 giant cockroaches
  2 gnoll zombies (D:2)
  6 hobgoblins
  10 jackals
  3 kobolds
  A quokka (D:2)
  8 bats
  2 frilled lizards (D:2)
  12 goblins
  10 rats
63 creatures vanquished.

Vanquished Creatures (others)
  5 plants (D:2)
5 creatures vanquished.

Grand Total: 68 creatures vanquished

Notes
Turn   | Place    | Note
-------+----------+-------------------------------------------
     0 | D:1      | Ishchenko the Gnoll Fighter began the quest for the Orb.
     0 | D:1      | Reached XP level 1. HP: 23/23 MP: 1/1
    64 | D:1      | Reached XP level 2. HP: 29/29 MP: 2/2
   102 | D:1      | Reached XP level 3. HP: 33/35 MP: 3/3
   378 | D:1      | Reached skill level 1 in Invocations
   758 | D:1      | Reached skill level 1 in Short Blades
   758 | D:1      | Reached skill level 1 in Long Blades
   758 | D:1      | Reached skill level 1 in Maces & Flails
   758 | D:1      | Reached skill level 1 in Polearms
   758 | D:1      | Reached skill level 1 in Staves
   758 | D:1      | Reached skill level 1 in Slings
   758 | D:1      | Reached skill level 1 in Bows
   758 | D:1      | Reached skill level 1 in Crossbows
   758 | D:1      | Reached skill level 1 in Throwing
   758 | D:1      | Reached skill level 1 in Dodging
   758 | D:1      | Reached skill level 1 in Stealth
   758 | D:1      | Reached skill level 1 in Unarmed Combat
   758 | D:1      | Reached skill level 1 in Spellcasting
   758 | D:1      | Reached skill level 1 in Evocations
   893 | D:2      | Reached XP level 4. HP: 41/41 MP: 5/5
  1573 | D:2      | Found a basalt altar of Yredelemnul.
  1656 | D:2      | Quit the game

Illustrated notes

Levels and vault maps discovered:
D:1:      dpeg_arrival_prison, layout_basic
D:2:      layout_basic, lemuel_zombie_altar_yredelemnul, serial_bayou,
          serial_bayou_pond_d, serial_bayou_pond_b, serial_bayou_ford_a,
          serial_bayou_lagoon_a

Skill      XL: |  1  2  3 |
---------------+----------+-----
Invocations    | 1 |  1.2
Short Blades   | 1 |  1.1
Long Blades    | 1 |  1.1
Maces & Flails | 1 |  1.1
Polearms       | 1 |  1.1
Staves         | 1 |  1.1
Slings         | 1 |  1.1
Bows           | 1 |  1.1
Crossbows      | 1 |  1.1
Throwing       | 1 |  1.1
Dodging        | 1 |  1.1
Stealth        | 1 |  1.1
Unarmed Combat | 1 |  1.1
Spellcasting   | 1 |  1.1
Evocations     | 1 |  1.1
Fighting       | |  6.6
Axes           | |  4.6
Armour         | |  6.6
Shields        | |  6.6
Conjurations   | |  0.9
Hexes          | |  0.9
Summonings     | |  0.9
Necromancy     | |  0.9
Translocations | |  0.9
Transmutations | |  0.9
Fire Magic     | |  0.9
Ice Magic      | |  0.9
Air Magic      | |  0.9
Earth Magic    | |  0.9
Poison Magic   | |  0.9

Action                   |  1- 3 |  4- 6 || total
-------------------------+-------+-------++-------
Melee: War axe           |    91 |    40 ||   131
       Bite              |     4 |     5 ||     9
Armor: Scale mail        |     8 |       ||     8
       Plate armour      |    33 |    19 ||    52
Dodge: Dodged            |    14 |     5 ||    19
Block: Kite shield       |    57 |    29 ||    86

Table legend: (Time is in decaauts)
 A = Elapsed time spent in this place.
 B = Non-inter-level travel time spent in this place.
 C = Inter-level travel time spent in this place.
 D = Time resting spent in this place.
 E = Time spent auto-exploring this place.
 F = Levels seen in this place.
 G = Mean time per level.
                   A        B        C        D        E       F      G
               +--------+--------+--------+--------+--------+-----+--------+
         Total |   1725 |   1666 |     59 |      0 |   1345 |   2 |  862.5 |
       Dungeon |   1725 |   1666 |     59 |      0 |   1345 |   2 |  862.5 |
               +--------+--------+--------+--------+--------+-----+--------+

Top non-repeatable levels by time:
     D:2: 872 daAuts
     D:1: 853 daAuts
